 Dungeon Crawl Stone Soup version 0.27.1-33-g824d729ab1 (webtiles) character file.

Game seed: 16457481477314202346

47026 belegose the Spear-Bearer (level 14, -5/113 HPs)
             Began as a Merfolk Gladiator on Dec 12, 2021.
             Was the Champion of Wu Jian.
             Slain by a two-headed hydra (9 damage)
             ... on level 5 of the Lair of Beasts.
             The game lasted 01:08:28 (15444 turns).

belegose the Spear-Bearer (Merfolk Gladiator)      Turns: 15444, Time: 01:08:29

Health: -5/113     AC: 11    Str: 14    XL:     14   Next: 40%
Magic:  14/14      EV: 25    Int:  9    God:    Wu Jian [******]
Gold:   1064       SH:  5    Dex: 16    Spells: 13/13 levels left

rFire    . . .     SeeInvis .   a - +1 scimitar (flame)
rCold    + . .     Faith    .   l - +0 buckler
rNeg     + + .     Spirit   .   j - +1 leather armour {rC+}
rPois    +         Reflect  .   I - +0 helmet
rElec    .         Harm     .   o - +1 cloak
rCorr    .         Rampage  .   P - +0 pair of gloves
Will     +....                  M - +1 pair of boots of the Vacuum {rN+}
Stlth    +++++.....             k - amulet of regeneration
HPRegen  1.28/turn              v - +4 ring of evasion
MPRegen  0.14/turn              c - ring "Qeicuong" {rPois rN+ EV+4 Dex-3}

@: frozen, very slow
A: (nimble swimmer 2), mertail
a: Renounce Religion, Wall Jump, Serpent's Lash, Heavenly Storm


You were on level 5 of the Lair of Beasts.
You worshipped Wu Jian.
Wu Jian was exalted by your worship.
You visited 3 branches of the dungeon, and saw 16 of its levels.
You also visited: Sewer, Ossuary, Bailey and Gauntlet.

You collected 1780 gold pieces.
You spent 716 gold pieces at shops.

Inventory:

Hand Weapons
 a - a +1 scimitar of flaming (weapon)
 b - a +2 trident of freezing
 w - a +2 dagger of electrocution
Missiles
 d - 3 throwing nets
 x - 44 poisoned darts
 D - 93 boomerangs (quivered)
 Q - 7 silver javelins
 T - a curare-tipped dart
Armour
 j - a +1 leather armour of cold resistance (worn)
 l - a +0 buckler (worn)
 o - a +1 cloak (worn)
 I - a +0 helmet (worn)
 L - the +9 scales of the Dragon King {rPois rF+ rC+ Will+}
   (You found it on level 2 of the Lair of Beasts)

   rF:        It protects you from fire.
   rC:        It protects you from cold.
   rPois:     It protects you from poison.
   Will:      It increases your willpower.
 M - the +1 pair of boots of the Vacuum (worn) {rN+}
   (You found it in a Gauntlet)

   rN:        It protects you from negative energy.
 P - a +0 pair of gloves (worn)
 S - +0 ice dragon scales
Magical Staves
 R - a staff of fire
 Z - a staff of air
Jewellery
 c - the ring "Qeicuong" (right hand) {rPois rN+ EV+4 Dex-3}
   (You bought it in a shop on level 9 of the Dungeon)

   [ring of evasion]

   EV:        It affects your evasion (+4).
   Dex:       It affects your dexterity (-3).
   rPois:     It protects you from poison.
   rN:        It protects you from negative energy.
 k - an amulet of regeneration (around neck)
 p - a ring of resist corrosion
 v - a +4 ring of evasion (left hand)
 y - a ring of flight
 K - a ring of willpower
Wands
 i - a wand of digging (4)
 C - a wand of iceblast (3)
 N - a wand of polymorph (21)
 U - a wand of flame (44)
 W - a wand of charming (8)
 X - a wand of acid (6)
Scrolls
 e - 2 scrolls of enchant weapon
 h - 4 scrolls of fear
 t - 9 scrolls of teleportation
 F - 2 scrolls of fog
 G - 2 scrolls of blinking
 H - 2 scrolls of magic mapping
 Y - 3 scrolls of identify
Potions
 f - 16 potions of heal wounds
 g - 5 potions of might
 m - a potion of resistance
 n - 3 potions of invisibility
 r - a potion of mutation
 s - 2 potions of magic
 u - 3 potions of cancellation
 z - 4 potions of flight
 A - 5 potions of curing
 B - a potion of ambrosia
 E - a potion of haste
 J - 2 potions of lignification
 V - a potion of berserk rage
Miscellaneous
 q - a box of beasts
 O - a lightning rod (4/4)


   Skills:
 + Level 11.0 Fighting
 - Level 4.0(5.9) Short Blades
 + Level 6.2(6.6) Long Blades
 - Level 14.0 Polearms
 + Level 10.1 Throwing
 + Level 3.9 Armour
 - Level 11.2 Dodging
 - Level 11.1 Stealth
 - Level 4.0 Shields
 + Level 8.9 Evocations


You had 13 spell levels left.
You didn't know any spells.
Your spell library contained the following spells:

 Spells                   Type           Power      Damage    Failure   Level
 Magic Dart               Conj           0%         1d3       45%         1
 Call Imp                 Summ           0%         N/A       58%         2
 Corpse Rot               Necr/Air       N/A        N/A       58%         2
 Poisonous Vapours        Pois/Air       0%         N/A       58%         2
 Sublimation of Blood     Necr           0%         N/A       58%         2
 Wereblood                Tmut           0%         N/A       58%         2
 Conjure Flame            Conj/Fire      0%         6-21      83%         3
 Gell's Gravitas          Tloc           0%         N/A       83%         3
 Ignite Poison            Fire/Tmut/Pois 0%         N/A       83%         3
 Lesser Beckoning         Tloc           0%         N/A       83%         3
 Mephitic Cloud           Conj/Pois/Air  0%         N/A       83%         3
 Teleport Other           Tloc           0%         N/A       83%         3
 Dispel Undead            Necr           0%         3d6       99%         4
 Sticky Flame             Conj/Fire      0%         2d3       99%         4
 Freezing Cloud           Conj/Ice/Air   0%         6-21      100%        5
 Death Channel            Necr           0%         N/A       100%        6
 Summon Hydra             Summ           0%         N/A       100%        7


Dungeon Overview and Level Annotations

Branches:
Dungeon (10/15)            Temple (1/1) D:5            Lair (5/6) D:9
  Swamp (0/4) Lair:2       Spider (0/4) Lair:4        Sewer (visited)
Ossuary (visited)          Bailey (visited)         Gauntlet (visited)
  Slime: Lair:5-6       Orc: D:9-12

Altars:
Ashenzari
Cheibriados
Dithmenos
Elyvilon
Fedhas
Gozag
Kikubaaqudgha
Makhleb
Nemelex Xobeh
Okawaru
Qazlal
Ru
Sif Muna
Trog
Uskayaw
Vehumet
Wu Jian
Xom
Yredelemnul
Zin
The Shining One

Shops:
D:5 :   D:7 *?*   D:9 =

Annotations:
D:10 2 transporters, exclusion: 2 skeletal warriors, Erolcha; zeram's ghost, journeyman HOFi
Lair:2 2 transporters, exclusion: ice statue, Ekaitz's ghost, novice DEEE


Innate Abilities, Weirdness & Mutations

((You are quick and stealthy near water. (Stealth+, EV+, Speed+++)))
Your lower body shifts to a powerful aquatic tail in water.


Message History

The three-headed hydra bites you!
* * * LOW HITPOINT WARNING * * *
The three-headed hydra completely misses you.
You hit the three-headed hydra. You burn the three-headed hydra.
The three-headed hydra is almost dead.
The three-headed hydra bites you.
* * * LOW HITPOINT WARNING * * *
The three-headed hydra completely misses you.
You block the three-headed hydra's attack.
Unknown command.
You barely miss the three-headed hydra.
The three-headed hydra is almost dead.
The three-headed hydra bites you!
* * * LOW HITPOINT WARNING * * *
The three-headed hydra bites you.
* * * LOW HITPOINT WARNING * * *
The three-headed hydra completely misses you.
You chop one of the three-headed hydra's heads off!
The flame cauterises the wound!
You hit the two-headed hydra. You burn the two-headed hydra.
The two-headed hydra is almost dead.
The two-headed hydra bites you!
* * * LOW HITPOINT WARNING * * *
The two-headed hydra barely misses you. The rime drake completely misses you.
You spin and attack the rime drake.
You hit the rime drake. You burn the rime drake.
The rime drake is lightly wounded.
The rime drake breathes ice at you. The flash freeze hits you.
You partially resist.
* * * LOW HITPOINT WARNING * * *
You are encased in ice.
You spin and attack the rime drake.
You slash the rime drake! You burn the rime drake.
The rime drake is moderately wounded.
You block the wyvern's attack.
The rime drake bites you but does no damage.
The wyvern misses you.
You riposte.
You barely miss the wyvern.
The wyvern is heavily wounded.
The two-headed hydra bites you!
You die...

###### ###..#.P ## #### #......#
###.# #..### #### #.......
#..#.##..#.###.[## # ###.......
##P..........#.#..#.# #.........
..P............Dkl...# #.........
................@.#.## ###.......
.P................#... ###.....
..................# ...r#####....
#.................# ....#.P......
##.....†..†.......# ...#........
.P.......†........# ...#........
.......††.†.......#######........
.......<.........................
#...............................>


You could see a two-headed hydra, a rime drake (catching breath) and a wyvern.

Vanquished Creatures
  Kirke (Lair:3)
  A minotaur (Gauntlet)
  4 hydras
  A ghost crab (Gauntlet)
  Erica (D:8)
  3 two-headed ogres
  A bog body (Lair:2)
  A manticore (Lair:4)
  An orc knight (Bailey)
  A cyclops (D:8)
  9 cane toads
  A rime drake (Lair:3)
  12 komodo dragons
  2 polar bears
  23 blink frogs
  6 dream sheep (Lair:4)
  A wraith (Ossuary)
  2 flying skulls (Gauntlet)
  11 wyverns
  39 yaks
  7 basilisks
  2 hogs (Lair:3)
  3 steam dragons
  14 water moccasins
  3 wargs (D:9)
  A hell hound (Lair:4)
  A black bear (Lair:1)
  3 orc warriors
  A sky beast (D:6)
  An ice beast (D:5)
  4 ogres
  A centaur (D:9)
  A necrophage (D:7)
  11 wolves
  2 phantoms (D:5)
  3 kobold brigands
  12 bullfrogs
  A wyvern zombie (D:6)
  A wyvern skeleton (D:7)
  A water moccasin skeleton (D:4)
  8 killer bees (D:9)
  2 electric eels
  4 wights (D:7)
  3 howler monkeys (D:8)
  A bullfrog zombie (D:6)
  5 centaur zombies
  5 orc priests
  A centaur skeleton (D:6)
  A gnoll shaman (D:8)
  5 hounds
  A jelly (D:6)
  9 iguanas
  6 orc wizards
  A scorpion zombie (D:5)
  10 hell rats
  A mummy (D:6)
  2 howler monkey zombies
  17 gnolls
  A howler monkey skeleton (D:7)
  10 adders
  2 river rats (D:3)
  A shadow imp (D:5)
  An adder skeleton (D:4)
  A worm (D:4)
  6 dart slugs
  17 orcs
  7 ball pythons
  8 bats
  8 endoplasms
  5 giant cockroaches
  6 goblins
  24 hobgoblins
  17 jackals
  28 kobolds
  A quokka (D:3)
  2 ball python skeletons (Ossuary)
  6 frilled lizards
  A hobgoblin skeleton (Ossuary)
  3 hobgoblin zombies
  3 kobold zombies (Ossuary)
  2 orc skeletons (Ossuary)
  An orc zombie (D:6)
  3 rats (D:3)
440 creatures vanquished.

Vanquished Creatures (others)
  A kobold (Bailey)
  14 demonic plants (Gauntlet)
  19 fungi
  67 plants
  25 withered plants (Gauntlet)
126 creatures vanquished.

Grand Total: 566 creatures vanquished

Notes
Turn   | Place    | Note
-------+----------+-------------------------------------------
     0 | D:1      | belegose the Merfolk Gladiator began the quest for the Orb.
     0 | D:1      | Reached XP level 1. HP: 16/16 MP: 1/1
    66 | D:1      | Reached XP level 2. HP: 23/23 MP: 2/2
    80 | D:1      | Reached skill level 1 in Stealth
   113 | D:1      | Reached XP level 3. HP: 27/28 MP: 3/3
   906 | D:2      | Reached skill level 5 in Polearms
  1047 | D:2      | Reached XP level 4. HP: 32/34 MP: 4/4
  1462 | D:2      | Found a faded altar of an unknown god.
  1792 | D:3      | Found a glowing drain.
  1805 | Sewer    | Entered a sewer
  1831 | Sewer    | Reached XP level 5. HP: 41/41 MP: 5/5
  2186 | Sewer    | Reached skill level 5 in Dodging
  2370 | D:3      | Found a faded altar of an unknown god.
  2370 | D:3      | Found an opulent altar of Gozag.
  2378 | D:3      | Found a faded altar of an unknown god.
  2380 | D:3      | Found an iron altar of Okawaru.
  2382 | D:3      | Found a basalt altar of Yredelemnul.
  2939 | D:4      | Noticed an ogre
  2968 | D:4      | Reached XP level 6. HP: 44/47 MP: 6/6
  3054 | D:4      | Reached skill level 6 in Polearms
  3278 | D:4      | Found a bloodstained altar of Trog.
  3297 | D:4      | Found a glowing golden altar of the Shining One.
  3443 | D:4      | Reached XP level 7. HP: 54/54 MP: 7/7
  4162 | D:5      | Entered Level 5 of the Dungeon
  4340 | D:5      | Found a staircase to the Ecumenical Temple.
  4354 | D:5      | Reached skill level 7 in Polearms
  4374 | Temple   | Entered the Ecumenical Temple
  4534 | Temple   | Became a worshipper of the Wu Jian Council
  4701 | D:5      | Found Cishair's Book Emporium.
  4714 | D:5      | Reached XP level 8. HP: 61/61 MP: 8/8
  4898 | D:5      | Reached skill level 5 in Fighting
  5244 | D:5      | Reached skill level 5 in Stealth
  5372 | D:6      | Reached skill level 8 in Polearms
  5469 | D:6      | Found a sand-covered staircase.
  5478 | Ossuary  | Entered an ossuary
  5516 | Ossuary  | Reached * piety under Wu Jian
  5566 | Ossuary  | Noticed a wraith
  5566 | Ossuary  | Noticed a flying skull
  5577 | Ossuary  | Noticed a flying skull
  5582 | Ossuary  | Noticed a wraith
  5623 | Ossuary  | Killed a wraith
  5624 | Ossuary  | Reached skill level 5 in Throwing
  5624 | Ossuary  | Reached skill level 1 in Evocations
  5702 | Ossuary  | Noticed a flying skull
  5725 | Ossuary  | Noticed a flying skull
  5935 | D:6      | Reached XP level 9. HP: 69/69 MP: 9/9
  6508 | D:7      | Found Hoveoras's Magic Scroll Shoppe.
  6541 | D:7      | Bought a scroll of identify for 26 gold pieces
  6541 | D:7      | Bought a scroll of identify for 26 gold pieces
  6541 | D:7      | Bought a scroll of fog for 26 gold pieces
  6541 | D:7      | Bought a scroll of blinking for 97 gold pieces
  6541 | D:7      | Bought a scroll of magic mapping for 45 gold pieces
  6743 | D:7      | Reached skill level 9 in Polearms
  6882 | D:7      | Found Osoofor's General Store.
  6975 | D:7      | Found Ocra Xopn's Gadget Gallery.
  7044 | D:8      | Noticed Erica
  7044 | D:8      | Noticed a two-headed ogre
  7096 | D:8      | Noticed a cyclops
  7110 | D:8      | Killed a cyclops
  7229 | D:8      | Killed Erica
  7230 | D:8      | Reached skill level 1 in Short Blades
  7230 | D:8      | Reached skill level 1 in Armour
  7230 | D:8      | Reached XP level 10. HP: 32/77 MP: 10/10
  7257 | D:8      | Reached ** piety under Wu Jian
  7285 | D:8      | Found a flagged portal.
  7297 | Bailey   | Entered a bailey
  7431 | Bailey   | Noticed an orc knight
  7577 | Bailey   | Killed an orc knight
  7621 | Bailey   | Acquired 962 gold pieces
  7757 | D:8      | Killed a two-headed ogre
  7866 | D:8      | Reached *** piety under Wu Jian
  8447 | D:9      | Noticed a two-headed ogre
  8455 | D:9      | Killed a two-headed ogre
  8456 | D:9      | Reached XP level 11. HP: 86/86 MP: 11/11
  8717 | D:9      | Found Zeil's Jewellery Emporium.
  8720 | D:9      | Bought the ring "Qeicuong" {rPois rN+ EV+4 Dex-3} for 496
                  | gold pieces
  8776 | D:9      | Noticed a two-headed ogre
  8820 | D:9      | Reached skill level 5 in Evocations
  9011 | D:9      | Found a staircase to the Lair.
  9259 | D:9      | Reached **** piety under Wu Jian
  9443 | D:9      | Killed a two-headed ogre
  9473 | D:10     | Entered Level 10 of the Dungeon
  9609 | D:10     | Noticed a skeletal warrior
  9609 | D:10     | Noticed a skeletal warrior
  9675 | D:10     | Reached skill level 10 in Polearms
  9737 | D:10     | Reached skill level 12 in Polearms
  9737 | D:10     | Reached XP level 12. HP: 94/94 MP: 12/12
  9766 | D:10     | Found a transporter.
  9766 | D:10     | Noticed zeram's ghost (journeyman HOFi)
  9767 | D:10     | Found a transporter.
  9770 | D:10     | Identified the +5 dire flail of Blood {flame, rN+ Int+3
                  | Dex+5}
  9770 | D:10     | Noticed a two-headed ogre
  9774 | D:10     | Noticed Erolcha
  9952 | Lair:1   | Entered Level 1 of the Lair of Beasts
  9994 | D:9      | Reached skill level 13 in Polearms
 10455 | Lair:1   | Noticed an eight-headed hydra
 10482 | Lair:1   | Killed a six-headed hydra
 10483 | Lair:1   | Reached XP level 13. HP: 91/101 MP: 13/13
 10698 | Lair:1   | Reached ***** piety under Wu Jian
 10870 | Lair:2   | Found a staircase to the Swamp.
 10900 | Lair:1   | Reached skill level 14 in Polearms
 10938 | Lair:1   | Reached skill level 1 in Long Blades
 10955 | Lair:2   | Found a gate leading to a gauntlet.
 10956 | Lair:2   | Found a transporter.
 10964 | Gauntlet | Entered a Gauntlet
 10964 | Gauntlet | Found a transporter.
 10974 | Gauntlet | Found a transporter.
 10989 | Gauntlet | Found a transporter.
 10994 | Gauntlet | Found a transporter.
 11013 | Gauntlet | Found a transporter.
 11028 | Gauntlet | Found a transporter.
 11040 | Gauntlet | Found a transporter.
 11046 | Gauntlet | Found a transporter.
 11057 | Gauntlet | Found a large runed translucent door.
 11057 | Gauntlet | Noticed a green death
 11058 | Gauntlet | Found a large runed translucent door.
 11059 | Gauntlet | Found a large runed translucent door.
 11059 | Gauntlet | Found a large runed translucent door.
 11060 | Gauntlet | Found a runed translucent gate.
 11061 | Gauntlet | Found a transporter.
 11061 | Gauntlet | Found a runed translucent gate.
 11062 | Gauntlet | Found a runed translucent gate.
 11063 | Gauntlet | Found a large runed translucent door.
 11063 | Gauntlet | Found a large runed translucent door.
 11063 | Gauntlet | Found a runed translucent door.
 11063 | Gauntlet | Found a runed translucent door.
 11064 | Gauntlet | Found a large runed translucent door.
 11065 | Gauntlet | Found a large runed translucent door.
 11067 | Gauntlet | Found a transporter.
 11072 | Gauntlet | Found a large runed translucent door.
 11072 | Gauntlet | Found a large runed translucent door.
 11073 | Gauntlet | Found a large runed translucent door.
 11074 | Gauntlet | Found a large runed translucent door.
 11082 | Gauntlet | Found a transporter.
 11084 | Gauntlet | Found a large runed translucent door.
 11084 | Gauntlet | Found a large runed translucent door.
 11085 | Gauntlet | Found a large runed translucent door.
 11086 | Gauntlet | Found a large runed translucent door.
 11088 | Gauntlet | Found a transporter.
 11103 | Gauntlet | Found a transporter.
 11106 | Gauntlet | Noticed a great orb of eyes
 11109 | Gauntlet | Found a transporter.
 11148 | Gauntlet | Found a transporter.
 11173 | Gauntlet | Found a transporter.
 11175 | Gauntlet | Found a transporter.
 11195 | Gauntlet | Found a transporter.
 11317 | Gauntlet | Identified the +1 pair of boots of the Vacuum {rN+}
 11341 | Gauntlet | Reached skill level 10 in Stealth
 11445 | Gauntlet | Noticed a minotaur
 11479 | Gauntlet | Killed a minotaur
 11519 | Gauntlet | Identified the +6 hand crossbow of the Moon {penet, rPois
                  | rC+ Stlth+}
 11519 | Gauntlet | Identified the +1 cloak "Back" {*Slow Str+2 Dex+4}
 11762 | Lair:2   | Noticed Ekaitz's ghost (novice DEEE)
 11894 | Lair:2   | Found a transporter.
 11906 | Lair:2   | Found the +9 scales of the Dragon King {rPois rF+ rC+
                  | Will+}
 12623 | Lair:3   | Reached skill level 10 in Fighting
 13106 | Lair:4   | Found a hole to the Spider Nest.
 13300 | Lair:4   | Noticed Kirke
 13310 | Lair:4   | Noticed a sphinx
 13314 | Lair:4   | Noticed a sphinx
 13399 | Lair:3   | Killed Kirke
 13655 | Lair:4   | Reached XP level 14. HP: 111/111 MP: 14/14
 13949 | Lair:4   | Reached skill level 5 in Long Blades
 14649 | Lair:5   | Reached skill level 10 in Throwing
 14991 | Lair:5   | Reached ****** piety under Wu Jian
 15443 | Lair:5   | HP: 2/113 [rime drake/flash freeze (6)]
 15444 | Lair:5   | Slain by a two-headed hydra

Illustrated notes

Levels and vault maps discovered:
D:1:      roderic_crop_circles_arrival_small, layout_rooms
D:2:      layout_basic, hellmonk_ecumenical_altar_prayer_group
D:3:      layout_loops_ring, chequers_temple_overflow_minitemple,
          portal_sewer_entry_c
D:4:      layout_loops_corners, mainiacjoe_overflow_large_starburst
D:5:      layout_loops_ring, temple_statues, serial_shops, shop
D:6:      layout_loops_ring, nicolae_ossuary_entry_giza, st_stairs_1,
          nicolae_water_bricks
D:7:      layout_rooms, serial_shops, nicolae_stop_n_shop_1, shop,
          grunt_ministairs_6, nicolae_shop_gadgets
D:8:      layout_rooms, enter_bailey_4, minmay_lizard_king, uniq_erica
D:9:      layout_basic, erik_lair_orcish_takeover, serial_shops,
          nicolae_shop_behind_doors
D:10:     layout_rooms, nicolae_hepliaklqana_monster_ancestors,
          gammafunk_ghost_smash, uniq_fannar, uniq_erolcha
Temple:   regret_index_temple_sphere_string
Lair:1:   beast_lair_carwin_large_2, layout_cave_shapes
Lair:2:   layout_gridlike, skrybe_swamp_entry_bodies, gauntlet_entry_generic,
          nzn_ghost_randoct
Lair:3:   layout_long_grid
Lair:4:   layout_loops_ring, spider_nest_entry_web_field, guppyfry_lair_drakes,
          grunt_megastairs_5, serial_bayou_shore_b, uniq_kirke
Lair:5:   layout_cave_shapes, special_room [special_room_mythical_zoo]

Skill      XL: |  1  2  3  4  5  6  7  8  9 10 11 12 13 14 |
---------------+-------------------------------------------+-----
Stealth        | 1 2 3 4 5 6 8 9 11 | 11.1
Polearms       | 5 6 7 8 9 12 13 14 | 14.0
Fighting       | 3 4 5 6 7 8 9 10 11 | 11.0
Dodging        | 5 6 7 8 11 | 11.2
Throwing       | 3 4 5 7 8 9 10 | 10.1
Evocations     | 1 3 4 5 6 8 |  8.9
Shields        | 4 |  4.0
Short Blades   | 1 4 |  4.0
Armour         | 1 2 3 |  3.9
Long Blades    | 4 6 |  6.2

Action                   |  1- 3 |  4- 6 |  7- 9 | 10-12 | 13-15 || total
-------------------------+-------+-------+-------+-------+-------++-------
Melee: Trident           |    99 |   285 |   397 |    70 |   687 ||  1538
       Tailslap          |       |    10 |       |       |     4 ||    14
       Halberd           |       |       |       |   416 |       ||   416
       Dagger            |       |       |       |    17 |       ||    17
       Scimitar          |       |       |       |     2 |   297 ||   299
Throw: Stone             |       |     8 |     9 |       |       ||    17
       Dart              |       |       |    13 |    34 |     7 ||    54
       Boomerang         |       |       |       |     8 |    24 ||    32
Invok: Lunge             |       |       |    14 |     8 |    15 ||    37
       Whirlwind         |       |       |     1 |    42 |   104 ||   147
Evoke: Wand              |       |       |     1 |     2 |     7 ||    10
  Use: Scroll            |       |       |    14 |     3 |     4 ||    21
       Potion            |       |       |     4 |     2 |     1 ||     7
 Stab: Sleeping          |       |    12 |    20 |     1 |    12 ||    45
       Distracted        |       |       |     2 |     4 |     4 ||    10
Armor: Leather armour    |    25 |    54 |    35 |    41 |    90 ||   245
       Skin              |       |       |    18 |       |       ||    18
Dodge: Dodged            |    63 |   216 |   213 |   408 |   745 ||  1645
Block: Buckler           |       |       |     2 |    19 |   168 ||   189
       Rpst.: Scimitar   |       |       |       |     2 |    93 ||    95
